Map: Orbital Shipyard

Players

InsaneBadger

  • Race: Terran Terran
  • League: Gold

lesha - Winner!

  • Race: Terran Terran
  • League: Silver

VOD

Have the link to the VOD?

Description

Time

  • Played on: Jan. 1, 2016, 9:45 p.m.
  • Length: 11:29
Show
View Real Time Build Order
Export as new Build Order

InsaneBadger Terran 

Build Orders: MMM Bio 

Get SALT Encoding   

  12  0:01  SCV  
  13  0:13  SCV  
  14  0:18  Supply Depot  
  14  0:26  SCV  
  15  0:30  Refinery  
  15  0:39  SCV  
  16  0:46  Barracks  
  16  0:53  SCV  
  17  1:05  SCV  
  18  1:17  SCV  
  19  1:32  Orbital Command  
  19  1:43  Command Center  
  19  1:56  Supply Depot  
  19  1:57  Barracks Tech Lab  
  19  1:59  Refinery  
  19  2:02  SCV  
  20  2:14  Factory  
  20  2:16  Marine  
  21  2:26  SCV  
  21  2:29  Supply Depot  
  21  2:46  SCV  
  21  2:47  Marine  
  23  2:58  SCV  
  24  3:00  Orbital Command  
  24  3:14  SCV  
  25  3:23  Starport  
  25  3:25  Siege Tank  
  25  3:26  SCV  
  29  3:29  SCV  
  29  3:33  Barracks Reactor  
  30  3:41  SCV x2  
  32  3:52  Barracks  
  32  3:56  SCV, Engineering Bay  
  33  4:03  Siege Tank  
  33  4:07  SCV  
  37  4:12  Supply Depot  
  36  4:20  SCV x2  
  38  4:27  Liberator  
  38  4:28  Liberator  
  38  4:32  SCV x2, Barracks  
  46  4:46  SCV x2, Barracks Reactor  
  48  4:58  SCV  
  48  4:59  SCV, Refinery x2  
  50  5:06  Siege Tank  
  53  5:10  SCV  
  53  5:12  SCV  
  55  5:17  Supply Depot  
  55  5:20  Barracks Tech Lab  
  55  5:21  Barracks Tech Lab  
  55  5:23  Barracks Reactor  
  55  5:31  SCV  
  56  5:36  Marine x2  
  56  5:38  Command Center  
  58  5:46  SCV  
  58  5:47  SCV  
  60  5:52  Missile Turret  
  60  5:53  Missile Turret  
  60  5:56  Missile Turret  
  60  5:59  SCV x2, Missile Turret, Supply Depot  
  60  6:03  Stimpack  
  62  6:04  Marine  
  62  6:05  Marauder  
  62  6:11  SCV  
  66  6:30  Command Center  
  56  6:46  Marine x2  
  56  6:47  Marauder, Marine x2  
  58  6:50  SCV x2  
  64  7:02  SCV  
  64  7:04  Orbital Command  
  64  7:05  Missile Turret  
  64  7:07  Marine x2  
  67  7:10  Siege Tank  
  67  7:12  Medivac x2  
  67  7:15  SCV x2  
  76  7:22  Missile Turret  
  76  7:27  SCV  
  77  7:35  Marine x2  
  77  7:36  Marauder, Marine  
  82  7:52  Siege Tank  
  85  8:01  Medivac x2  
  85  8:02  Factory, Marine x2  
  85  8:03  Marine, Marauder  
  85  8:04  Marine  
  95  8:09  SCV  
  95  8:10  Combat Shields, Barracks  
  95  8:11  Barracks  
  96  8:16  SCV  
  97  8:21  SCV  
  98  8:28  SCV  
  98  9:18  SCV x2  
  80  9:39  Marine x2  
  80  9:40  Marauder  
  71  9:47  SCV x2  
  66  9:59  SCV x2  
  68  10:01  Marauder  
  68  10:03  Command Center  
  70  10:09  Medivac x2  
  70  10:10  Marine x4  
  70  10:11  SCV x2  
  80  10:16  Command Center  
  80  10:22  Marine  
  80  10:23  SCV x2  
  80  10:28  Marine  
  84  10:32  Marine x2  
  84  10:35  SCV  
  87  10:39  Medivac x2  
  87  10:40  Marauder  
  81  11:01  Marine x2  
  81  11:02  Marauder  
Show
View Real Time Build Order
Export as new Build Order

lesha Terran - Winner!

Build Orders: Reaper Expand, MMM Bio 

Get SALT Encoding   

  12  0:01  SCV  
  13  0:13  SCV  
  14  0:18  Supply Depot  
  14  0:25  SCV  
  15  0:39  SCV  
  15  0:40  Barracks  
  16  0:46  Refinery  
  16  0:51  SCV  
  17  1:03  SCV  
  18  1:15  SCV  
  19  1:28  Orbital Command  
  19  1:30  Reaper  
  20  1:42  Command Center  
  20  1:51  Supply Depot  
  20  1:54  SCV  
  21  2:03  Barracks Reactor  
  21  2:06  SCV  
  21  2:07  Refinery  
  22  2:15  Barracks  
  22  2:30  SCV  
  22  2:37  Factory  
  22  2:41  Marine x2  
  22  2:43  SCV  
  25  2:55  SCV  
  26  3:01  Barracks  
  26  3:02  Barracks  
  27  3:09  Orbital Command  
  26  3:13  Barracks Reactor  
  26  3:17  Marine  
  27  3:20  SCV  
  27  3:26  Factory Reactor  
  28  3:32  SCV  
  29  3:37  Marine x2  
  29  3:38  SCV  
  32  3:44  SCV  
  33  3:50  SCV  
  33  3:52  Barracks Reactor  
  33  3:53  Barracks Tech Lab  
  34  3:59  Starport  
  34  4:05  Engineering Bay  
  34  4:08  Marine x2  
  34  4:09  Marine  
  36  4:10  Supply Depot  
  36  4:11  Supply Depot  
  36  4:12  Marine  
  36  4:16  SCV x2  
  40  4:22  Marine  
  41  4:28  SCV x2  
  41  4:29  Stimpack  
  43  4:35  Marine x4  
  43  4:36  Marine  
  43  4:38  Factory Tech Lab, Marine  
  49  4:44  SCV x2  
  51  4:51  Medivac x2  
  51  4:52  Marine  
  55  4:53  Marine  
  55  4:58  SCV x2, Marine  
  55  4:59  Marine  
  61  5:02  Terran Infantry Weapons Level 1  
  61  5:05  Marine  
  62  5:12  Marine  
  63  5:14  Supply Depot  
  63  5:20  Supply Depot  
  63  5:21  Missile Turret  
  63  5:24  Missile Turret  
  63  5:26  SCV x2  
  63  5:27  Marine  
  66  5:37  Marine  
  66  5:38  Marine x5  
  72  5:43  SCV  
  72  5:44  SCV  
  74  5:51  Missile Turret  
  74  5:56  Siege Tank  
  77  5:58  Missile Turret  
  77  5:59  Marine x6  
  77  6:03  Marauder  
  85  6:09  SCV, Refinery  
  85  6:11  Refinery  
  86  6:29  Combat Shields  
  86  6:35  SCV  
  71  6:47  Marine x5  
  71  6:48  Marine x2  
  71  6:49  Medivac  
  71  6:50  Medivac  
  82  6:54  SCV x2  
  82  6:59  Command Center  
  84  7:07  Engineering Bay  
  84  7:09  Barracks, Marine x2  
  84  7:10  Barracks  
  84  7:11  Armory  
  86  7:24  Supply Depot  
  86  7:26  Supply Depot  
  86  7:28  Marine x4  
  90  7:31  Marine x2  
  90  7:32  Marine  
  93  7:46  Marine  
  94  7:52  Terran Infantry Armor Level 1  
  94  7:58  Barracks Reactor  
  94  7:59  Barracks Reactor  
  94  8:00  Marine x2  
  94  8:01  Marine x3  
  94  8:03  Marine  
  94  8:04  Marine  
  94  8:05  Viking  
  98  8:45  Marine x5  
  98  8:46  Marine x6  
  98  8:47  Medivac x2  
  94  9:39  Marine x2  
  94  9:40  Marine x7  
  94  9:41  Marine x2  
  88  9:57  Marine x4  
  88  9:58  Marine x4  
  96  10:01  Marine x2  
  96  10:06  Medivac x2  
  102  10:08  Marauder  
  104  10:15  Marine x4  
  108  10:29  Marauder  
  108  10:30  Marine x3  
  108  10:31  Marine x3  
  108  10:33  Marine x2  
  118  10:42  Concussive Shells  
  118  10:44  Command Center  
  118  10:45  Siege Tank  
  121  10:51  Marauder  
Tags
 
Add a new tag
Caveats
  • Supply blocks, unpowered buildings, or Contaminate may cause inaccurate times.
  • Supply counts are checked every 10 seconds.